 Dungeon Crawl Stone Soup version 0.22-a0-224-g8cf3520 (webtiles) character file.

58 Azzok the Caller (level 3, -4/19 HPs)
             Began as a Deep Elf Summoner on Feb 19, 2018.
             Slain by an orc
             ... wielding a +0 trident
              (8 damage)
             ... on level 3 of the Dungeon.
             The game lasted 00:04:30 (2341 turns).

Azzok the Caller (Deep Elf Summoner)                Turns: 2341, Time: 00:04:31

Health: -4/19      AC:  3    Str:  5    XL:     3   Next: 75%
Magic:  10/10      EV: 13    Int: 20    God:
Gold:   110        SH:  0    Dex: 15    Spells: 7/10 levels left

rFire    . . .     SeeInvis .   l - +0 dagger (venom)
rCold    . . .     Gourm    .   (no shield)
rNeg     . . .     Faith    .   a - +0 robe
rPois    .         Spirit   .   (no helmet)
rElec    .         Reflect  .   c - +0 cloak
rCorr    .         Harm     .   (no gloves)
MR       .....                  (no boots)
Stlth    ++........             (no amulet)
HPRegen  0.06/turn              (no ring)
MPRegen  0.12/turn              (no ring)

@: no status effects
A: no striking features
a: no special abilities


You were on level 3 of the Dungeon.
You were not hungry.

You visited 1 branch of the dungeon, and saw 3 of its levels.

You collected 110 gold pieces.

Inventory:

Hand Weapons
 d - a +0 mace
 l - a +0 dagger of venom (weapon)
Armour
 a - a +0 robe (worn)
 c - a +0 cloak (worn)
Scrolls
 e - a scroll of noise {unknown}
 f - 3 scrolls of identify {unknown}
 k - a scroll of blinking {unknown}
 m - a scroll of magic mapping {unknown}
 n - a scroll of remove curse {unknown}
Potions
 g - a potion of magic {unknown}
 h - 4 potions of curing {unknown}
 j - a potion of agility {unknown}
Comestibles
 b - 4 rations
 i - 10 chunks of flesh


   Skills:
 - Level 2.8 Dodging
 - Level 3.0 Stealth
 + Level 4.1 Spellcasting
 + Level 5.1 Summonings


You had 7 spell levels left.
You knew the following spells:

 Your Spells              Type           Power        Failure   Level  Hunger
a - Summon Small Mammal   Summ           ###.         1%          1    None
b - Call Imp              Summ           ###.....     2%          2    #......


Dungeon Overview and Level Annotations

Branches:
Dungeon (3/15)

Altars:
Okawaru


Message History

Things that are here:
a dagger; a robe
Found 15 stones.
Found a trident.
An orc comes into view. It is wielding a trident.
An orc is nearby!
The orc shouts!
The orc hits you with a trident.
You hit the orc but do no damage.
The orc is poisoned.
You closely miss the orc. The orc closely misses you.
You closely miss the orc.
The orc is moderately wounded.
The orc hits you with a trident!
Ouch! That really hurt!
* * * LOW HITPOINT WARNING * * *
Your crimson imp blinks!
You hit the orc but do no damage.
The orc looks as sick as possible!
The orc is moderately wounded.
The orc hits you with a trident!
You die...

··▒ ▒)▒ ▒▒▒ ··· ··▒
(·· ▒·▒ ▒·▒
▒···▒▒▒▒▒▒▒·▒▒▒▒5▒▒
▒·▒······▒▒·▒▒····▒▒
··▒······▒▒·▒▒·▒§··▒
·········▒▒··5·▒5▒·▒
·············▒▒▒@▒
·· ▒ ▒·······▒··▒
▒o▒·····▒
▒▒▒······▒▒▒·▒
▒·▒·····▒ ·········▒
▒·▒ ▒·▒·····▒
·▒▒······▒ ▒·▒
▒·······▒ ·▒▒·))···▒
▒·▒ ▒▒······▒
··▒<·····▒ ▒·▒
▒······▒ ····)▒▒▒▒▒
▒·▒ ▒▒······▒ ·····▒
▒·▒▒▒····>··▒


You could see an orc, a friendly crimson imp and a friendly white imp.

Vanquished Creatures
  A dart slug (D:2)
  A leopard gecko (D:2)
  A giant cockroach (D:3)
  A hobgoblin (D:3)
  A kobold (D:1)
  A ball python (D:3)
  A goblin (D:1)
  4 rats
  A bush (D:1)
12 creatures vanquished.

Vanquished Creatures (collateral kills)
  An orc wizard (D:3)
  2 adders (D:2)
  A dart slug (D:1)
  A worm (D:2)
  3 orcs (D:3)
  2 giant cockroaches
  4 goblins
  3 hobgoblins
  3 bats
  A frilled lizard (D:2)
  A kobold (D:2)
  2 rats
24 creatures vanquished.

Grand Total: 36 creatures vanquished

Notes
Turn   | Place    | Note
-------+----------+-------------------------------------------
     0 | D:1      | Azzok the Deep Elf Summoner began the quest for the Orb.
     0 | D:1      | Reached XP level 1. HP: 10/10 MP: 6/6
  1085 | D:1      | Reached XP level 2. HP: 15/15 MP: 5/8
  1114 | D:1      | Learned a level 2 spell: Call Imp
  1876 | D:2      | Reached XP level 3. HP: 19/19 MP: 10/10
  2070 | D:3      | Found an iron altar of Okawaru.
  2258 | D:3      | Reached skill level 5 in Summonings
  2341 | D:3      | Slain by an orc

Vault maps used:
D:1:      grunt_arrival_crossed_arrows, serial_forest,
          infiniplex_forest_clump_long, infiniplex_forest_straight_3,
          infiniplex_forest_clump_small, infiniplex_forest_split,
          infiniplex_forest_end_double, infiniplex_forest_straight_4,
          infiniplex_forest_straight_2
D:2:      first_ration
D:3:      nicolae_qazlal_style_of_elements, serial_bayou_pond_c,
          kennysheep_okawaru_gauntlet

Skill      XL: |  1  2  3 |
---------------+----------+-----
Stealth        | 3 |  3.0
Spellcasting   | 4 |  4.1
Summonings     | 5 |  5.1
Dodging        | |  2.8

Action                   || total
-------------------------++-------
Melee: Unarmed           ||    11
       Mace              ||   256
       Club              ||     5
       Dagger            ||    29
 Cast: Summon Small Mamm ||    16
       Call Imp          ||    17
 Stab: Distracted        ||     1
       Sleeping          ||     2
  Eat: Chunk             ||     6
Armor: Robe              ||    15
Dodge: Dodged            ||    53

Table legend:
 A = Spawn XP
 B = Non-spawn XP
 C = Spawn XP percentage of total XP
 D = Spawn monster count
 E = Non-spawn monster count
 F = Spawn count percentage of total count
 G = Total turns spent on level
                    A         B        C        D         E        F      G
               +---------+---------+-------+---------+---------+-------+---------
         Total |       0 |      83 |   0.0 |       0 |      35 |   0.0 |  2341
               +---------+---------+-------+---------+---------+-------+---------
           D:1 |       0 |      12 |   0.0 |       0 |      10 |   0.0 |  1462
           D:2 |       0 |      31 |   0.0 |       0 |      14 |   0.0 |   527
           D:3 |       0 |      40 |   0.0 |       0 |      11 |   0.0 |   352
               +---------+---------+-------+---------+---------+-------+---------
